 Dungeon Crawl Stone Soup version 0.29.0-4-gdea44cf6ec (webtiles) character file.

Game seed: 1879545247390014542

990 qw the Cleaver (level 8, 0/46 HPs)
             Began as a Tengu Warper on Aug 28, 2022.
             Slain by Menkaure (15 damage)
             ... on level 5 of the Dungeon.
             The game lasted 00:00:35 (5809 turns).

qw the Cleaver (Tengu Warper)                       Turns: 5809, Time: 00:00:35

Health: 0/46       AC: 12    Str: 13    XL:     8   Next: 18%
Magic:  12/12      EV:  7    Int: 13    God:
Gold:   276        SH:  4    Dex: 15    Spells: 11/11 levels left

rFire   . . .      SeeInvis .   Y - +0 war axe
rCold   + . .      Faith    .   a - +0 buckler
rNeg    . . .      Spirit   .   f - +2 chain mail {rC+}
rPois   .          Reflect  .   (helmet restricted)
rElec   .          Harm     .   h - +0 cloak
rCorr   .          Rampage  .   (no gloves)
Will    .....                   (boots unavailable)
Stlth   ..........              (no amulet)
HPRegen 0.95/turn               (no ring)
MPRegen 0.13/turn               (no ring)

@: flying quickly and evasively, quick
A: beak, talons 3, nimble flight, sense surroundings 2, regeneration 1
a: no special abilities


You were on level 5 of the Dungeon.
You visited 1 branch of the dungeon, and saw 5 of its levels.

You collected 276 gold pieces.


Innate Abilities, Weirdness & Mutations

You have a beak for a mouth.
You have claws for feet.
Your magical nature lets you fly swiftly and evasively.
You passively map the area around you.
Your natural rate of healing is unusually fast.


   Skills:
 - Level 3.4 Fighting
 + Level 8.7 Axes
 - Level 1.0 Throwing
 - Level 3.0 Armour
 - Level 2.1 Dodging
 - Level 2.5 Shields
 - Level 2.0 Spellcasting
 - Level 2.4 Translocations


You had 11 spell levels left.
You didn't know any spells.
Your spell library contained the following spells:

 Spells                   Type           Power      Damage    Failure   Level
 Blink                    Tloc           14%        N/A       99%         2
 Gell's Gravitas          Tloc           7%         N/A       100%        3
 Lesser Beckoning         Tloc           7%         N/A       100%        3
 Teleport Other           Tloc           7%         N/A       100%        3
 Manifold Assault         Tloc           7%         N/A       100%        5

Inventory:

Hand Weapons
 q - a +3 flail
 Y - a +0 war axe (weapon)
Armour
 a - a +0 buckler (worn)
 f - a +2 chain mail of cold resistance (worn)
 h - a +0 cloak (worn)
Scrolls
 j - a scroll of butterflies {unknown}
 m - a scroll of enchant weapon {unknown}
 p - a scroll of enchant armour {unknown}
Potions
 c - a potion of mutation
 d - 2 potions of invisibility {unknown}
 e - a potion of lignification {unknown}
 g - a potion of resistance {unknown}
 i - a potion of might {unknown}
 k - 5 potions of curing
 l - a potion of ambrosia {unknown}
 n - 2 potions of flight {unknown}
 o - a potion of magic {unknown}

Dungeon Overview and Level Annotations

Branches:
Dungeon (5/15)
 Temple: D:4-7

Altars:
Kikubaaqudgha
Qazlal
Sif Muna

Shops:
D:3 ==

Annotations:
D:5 Menkaure


Message History

You hit the centaur zombie but do no damage.
The centaur zombie is lightly damaged.
The centaur zombie hits you but does no damage.
The centaur zombie kicks you but does no damage.
The centaur zombie hits you but does no damage.
The centaur zombie kicks you but does no damage.
You slash the centaur zombie! You claw the centaur zombie.
The centaur zombie is severely damaged.
The centaur zombie barely misses you.
The centaur zombie kicks you but does no damage.
You slash the centaur zombie! You claw the centaur zombie.
You destroy the centaur zombie!
There is an open door here.
You see here an adder corpse.
You now have enough gold to buy a ring of ice on D:3.
You can access your shopping list by pressing '$'.
You now have 276 gold pieces (gained 19).
Menkaure, Prince of Dust comes into view.
Menkaure shouts!
5800 ||| Stepping ~*~*~tactically~*~*~ (hiding).
You start waiting.
Menkaure is nearby!
Menkaure hits you but does no damage.
You hit Menkaure. Your kick misses Menkaure.
Menkaure is lightly damaged.
Menkaure calls on the powers of darkness!
Your body is wracked with pain!
You hit Menkaure. You claw Menkaure, but do no damage.
Menkaure is moderately damaged.
Menkaure hits you.
You hit Menkaure. You peck Menkaure.
Menkaure is heavily damaged.
You hit Menkaure but do no damage. You claw Menkaure.
Menkaure is severely damaged.
Menkaure calls on the powers of darkness!
Your body is wracked with pain!
You hit Menkaure. You peck Menkaure, but do no damage.
Menkaure is almost destroyed.
Menkaure hits you!
You die...

........#.......##.# #..####
........#.#####.##.# #.....#
........#.#.....##.######.##.####
######.##.#.######...........%...
#....#.# ##################
#.####.####.# #.#.#.#.#.#_## *
### #......# #'#'#'#%#'#'## ,
######.# #............' * * * #@#
#)#)#'#)#'#'## , ......M$#
#.#.#.#.#.#.# #########
#############* , * * * * ,* * *
,, , * *+ * * * , * ,, ,,* ,


You could see Menkaure.

Vanquished Creatures
  A phantom (D:4)
  A scorpion (D:5)
  2 necrophages (D:5)
  3 wights (D:5)
  A centaur zombie (D:5)
  A jelly (D:4)
  A hound (D:5)
  A human zombie (D:5)
  2 scorpion zombies (D:5)
  Natasha (thrice) (D:2)
  2 orc wizards (D:5)
  A hound zombie (D:5)
  2 mummies (D:5)
  10 gnolls
  8 adders
  A worm (D:3)
  4 dart slugs
  4 orcs
  9 ball pythons
  8 endoplasms
  4 giant cockroaches
  7 goblins
  8 hobgoblins
  4 jackals
  4 quokkas
  3 bats (D:1)
  3 frilled lizards
  5 kobolds
  2 rats
105 creatures vanquished.

Vanquished Creatures (others)
  4 plants (D:2)
4 creatures vanquished.

Grand Total: 109 creatures vanquished

Notes
Turn   | Place    | Note
-------+----------+-------------------------------------------
     0 | D:1      | qw the Tengu Warper began the quest for the Orb.
     0 | D:1      | Reached XP level 1. HP: 12/12 MP: 4/4
     0 | D:1      | 0 ||| qw: Version: 0.1-a-89-g26bdef1
     0 | D:1      | 0 ||| qw: Game counter: 143
     0 | D:1      | 0 ||| qw: Always use a shield: true
     0 | D:1      | 0 ||| qw: God list: Okawaru
     0 | D:1      | 0 ||| qw: Allow faded altars: false
     0 | D:1      | 0 ||| qw: Do Orc after D:15 true
     0 | D:1      | 0 ||| qw: Do second Lair branch before Depths: true
     0 | D:1      | 0 ||| qw: Lair rune preference: random
     0 | D:1      | 0 ||| qw: Plans: Normal
     0 | D:1      | 0 ||| PLANNING D:1-11
   127 | D:1      | 127 ||| Stepping ~*~*~tactically~*~*~ (stealth).
   128 | D:1      | 128 ||| Stepping ~*~*~tactically~*~*~ (stealth).
   136 | D:1      | 136 ||| Stepping ~*~*~tactically~*~*~ (stealth).
   147 | D:1      | 147 ||| Stepping ~*~*~tactically~*~*~ (stealth).
   154 | D:1      | Reached skill level 3 in Axes
   154 | D:1      | Reached XP level 2. HP: 17/17 MP: 6/6
   240 | D:1      | 240 ||| Stepping ~*~*~tactically~*~*~ (hiding).
   585 | D:1      | Reached XP level 3. HP: 21/21 MP: 7/7
   620 | D:1      | 620 ||| Stepping ~*~*~tactically~*~*~ (hiding).
   831 | D:1      | Reached skill level 4 in Axes
  1074 | D:1      | Found a faded altar of an unknown god.
  1075 | D:1      | 1075 ||| UPGRADING to +0 cloak.
  1080 | D:1      | 1080 ||| READING scroll labelled YWNUGO ELLOGI.
  1081 | D:1      | 1081 ||| READING scroll labelled JYABEELLAI.
  1082 | D:1      | 1082 ||| DRINKING 2 purple potions.
  1083 | D:1      | 1083 ||| DRINKING 2 green potions.
  1084 | D:1      | 1084 ||| DRINKING 2 dark potions.
  1085 | D:1      | 1085 ||| DROPPING scroll of blinking.
  1086 | D:1      | 1086 ||| DROPPING potion of degeneration.
  1232 | D:2      | 1232 ||| Stepping ~*~*~tactically~*~*~ (stealth).
  1240 | D:2      | 1240 ||| Stepping ~*~*~tactically~*~*~ (stealth).
  1403 | D:2      | Noticed Natasha
  1410 | D:2      | HP: 2/21 [Natasha/magic dart (10)]
  1411 | D:2      | 1411 ||| DRINKING potion of heal wounds.
  1412 | D:2      | Killed Natasha
  1413 | D:2      | Reached XP level 4. HP: 22/26 MP: 8/8
  1586 | D:2      | 1586 ||| Stepping ~*~*~tactically~*~*~ (hiding).
  2013 | D:2      | Noticed Natasha
  2021 | D:2      | HP: 5/26 [Natasha (5)]
  2023 | D:2      | Killed Natasha
  2024 | D:2      | Reached skill level 5 in Axes
  2346 | D:2      | Noticed Natasha
  2347 | D:2      | 2347 ||| Stepping ~*~*~tactically~*~*~ (hiding).
  2358 | D:2      | Killed Natasha
  2359 | D:2      | Gained mutation: Your magical nature lets you fly swiftly
                  | and evasively. [Tengu growth]
  2359 | D:2      | Reached XP level 5. HP: 14/30 MP: 9/9
  2745 | D:2      | 2745 ||| UPGRADING to +0 ring mail.
  2755 | D:2      | 2755 ||| DROPPING +0 leather armour.
  2756 | D:2      | 2756 ||| DROPPING ring of magical power.
  2757 | D:2      | 2757 ||| READING scroll labelled MABEPL LUAKO.
  2758 | D:2      | 2758 ||| READING scroll labelled OSAADD OTOO.
  2930 | D:3      | 2930 ||| SWAPPING to +0 war axe.
  2936 | D:3      | 2936 ||| DROPPING +0 hand axe.
  3012 | D:3      | Found Tomn's Jewellery Shoppe.
  3025 | D:3      | 3025 ||| SHOPLISTING +4 ring of protection (396 gold, have
                  | 114).
  3025 | D:3      | 3025 ||| SHOPLISTING amulet of Qecaa {RegenMP rElec} (484
                  | gold, have 114).
  3025 | D:3      | 3025 ||| SHOPLISTING amulet of the acrobat (330 gold, have
                  | 114).
  3025 | D:3      | 3025 ||| SHOPLISTING ring "Omounku" {Ice Fly Str+3 Int-5}
                  | (328 gold, have 114).
  3025 | D:3      | 3025 ||| SHOPLISTING ring of ice (275 gold, have 114).
  3025 | D:3      | 3025 ||| SHOPLISTING ring of see invisible (165 gold, have
                  | 114).
  3032 | D:3      | 3032 ||| Stepping ~*~*~tactically~*~*~ (stealth).
  3078 | D:3      | 3078 ||| DROPPING +0 club.
  3212 | D:3      | 3212 ||| FLEEEEING.
  3213 | D:3      | 3213 ||| FLEEEEING.
  3226 | D:3      | 3226 ||| FLEEEEING.
  3227 | D:3      | 3227 ||| FLEEEEING.
  3228 | D:3      | 3228 ||| FLEEEEING.
  3240 | D:3      | 3240 ||| FLEEEEING.
  3241 | D:3      | 3241 ||| FLEEEEING.
  3242 | D:3      | 3242 ||| FLEEEEING.
  3243 | D:3      | 3243 ||| FLEEEEING.
  3244 | D:3      | 3244 ||| FLEEEEING.
  3245 | D:3      | 3245 ||| FLEEEEING.
  3246 | D:3      | 3246 ||| FLEEEEING.
  3250 | D:3      | 3250 ||| STAIRDANCE
  3330 | D:2      | 3330 ||| UPGRADING to +2 chain mail of cold resistance.
  3340 | D:2      | 3340 ||| DROPPING +0 ring mail.
  3573 | D:3      | 3573 ||| Stepping ~*~*~tactically~*~*~ (stealth).
  3616 | D:3      | Found a stormy altar of Qazlal.
  3789 | D:3      | Found Ishohog's Jewellery Emporium.
  3796 | D:3      | 3796 ||| SHOPLISTING +6 ring of dexterity (360 gold, have
                  | 125).
  3796 | D:3      | 3796 ||| SHOPLISTING amulet of Ehakoro {RegenMP Rampage
                  | Will++} (510 gold, have 125).
  3796 | D:3      | 3796 ||| SHOPLISTING amulet of reflection (300 gold, have
                  | 125).
  3796 | D:3      | 3796 ||| SHOPLISTING ring of willpower (250 gold, have
                  | 125).
  3894 | D:3      | 3894 ||| UPGRADING to +0 buckler.
  3899 | D:3      | 3899 ||| DROPPING orb of light.
  3957 | D:4      | Found a shimmering blue altar of Sif Muna.
  3975 | D:4      | Noticed a phantom
  3976 | D:4      | 3976 ||| Stepping ~*~*~tactically~*~*~ (stealth).
  3990 | D:4      | 3990 ||| Stepping ~*~*~tactically~*~*~ (stealth).
  3997 | D:4      | Killed a phantom
  3998 | D:4      | Reached XP level 6. HP: 25/35 MP: 10/10
  4021 | D:4      | 4021 ||| FLEEEEING.
  4394 | D:4      | Reached skill level 6 in Axes
  4535 | D:4      | 4535 ||| Stepping ~*~*~tactically~*~*~ (stealth).
  4538 | D:4      | 4538 ||| Stepping ~*~*~tactically~*~*~ (stealth).
  4602 | D:4      | 4602 ||| Stepping ~*~*~tactically~*~*~ (hiding).
  4603 | D:4      | 4603 ||| Stepping ~*~*~tactically~*~*~ (hiding).
  4605 | D:4      | 4605 ||| Stepping ~*~*~tactically~*~*~ (hiding).
  4627 | D:4      | 4627 ||| Stepping ~*~*~tactically~*~*~ (stealth).
  4632 | D:4      | 4632 ||| FLEEEEING.
  4633 | D:4      | 4633 ||| FLEEEEING.
  4634 | D:4      | 4634 ||| FLEEEEING.
  4636 | D:4      | 4636 ||| FLEEEEING.
  4637 | D:4      | 4637 ||| FLEEEEING.
  4638 | D:4      | 4638 ||| FLEEEEING.
  4639 | D:4      | 4639 ||| FLEEEEING.
  4640 | D:4      | 4640 ||| FLEEEEING.
  4641 | D:4      | 4641 ||| FLEEEEING.
  4642 | D:4      | 4642 ||| FLEEEEING.
  4643 | D:4      | 4643 ||| FLEEEEING.
  4644 | D:4      | 4644 ||| FLEEEEING.
  4962 | D:4      | 4962 ||| READING scroll labelled HIGESO PUTA.
  4963 | D:4      | 4963 ||| DRINKING 2 sedimented grey potions.
  4963 | D:4      | Gained mutation: Your natural rate of healing is unusually
                  | fast. [potion of mutation]
  4963 | D:4      | Gained mutation: You passively map a small area around you.
                  | [potion of mutation]
  4963 | D:4      | Gained mutation: You passively map the area around you.
                  | [potion of mutation]
  5055 | D:4      | 5055 ||| Stepping randomly (stuck).
  5114 | D:4      | 5114 ||| Stepping randomly (stuck).
  5128 | D:5      | Entered Level 5 of the Dungeon
  5155 | D:5      | 5155 ||| Stepping ~*~*~tactically~*~*~ (hiding).
  5182 | D:5      | 5182 ||| Stepping ~*~*~tactically~*~*~ (stealth).
  5227 | D:5      | 5227 ||| Stepping ~*~*~tactically~*~*~ (stealth).
  5228 | D:5      | 5228 ||| DROPPING +0 mace.
  5230 | D:5      | 5230 ||| Stepping ~*~*~tactically~*~*~ (stealth).
  5239 | D:5      | Reached skill level 7 in Axes
  5239 | D:5      | Reached XP level 7. HP: 40/40 MP: 11/11
  5340 | D:5      | 5340 ||| Stepping ~*~*~tactically~*~*~ (stealth).
  5347 | D:5      | 5347 ||| Stepping ~*~*~tactically~*~*~ (hiding).
  5467 | D:5      | Reached skill level 3 in Fighting
  5616 | D:5      | Found an ancient bone altar of Kikubaaqudgha.
  5655 | D:5      | Reached skill level 8 in Axes
  5662 | D:5      | 5662 ||| DROPPING +0 flail.
  5678 | D:5      | Reached skill level 3 in Armour
  5682 | D:5      | Reached XP level 8. HP: 39/46 MP: 12/12
  5799 | D:5      | Noticed Menkaure
  5800 | D:5      | 5800 ||| Stepping ~*~*~tactically~*~*~ (hiding).
  5809 | D:5      | Slain by Menkaure

Levels and vault maps discovered:
D:1:      dpeg_arrival_pits, layout_basic, shapermc_ecumenical_altar_mp_vishouse
D:2:      layout_loops_cross, serial_forest, infiniplex_forest_pool,
          infiniplex_forest_lined_room_2, infiniplex_forest_lined_3,
          infiniplex_forest_lined_corner, infiniplex_forest_straight_5,
          infiniplex_forest_end_2, infiniplex_forest_end_double,
          infiniplex_forest_corner_2, infiniplex_forest_zigzag_1,
          infiniplex_forest_straight_2, minmay_misc_feat_five, uniq_natasha
D:3:      layout_basic, mainiacjoe_overflow_brackets, serial_shops, shop,
          nicolae_shop_competitors_out_of_business
D:4:      layout_basic, nicolae_overflow_hidden_temple
D:5:      layout_basic, lemuel_mausoleum_altar_kikubaaqudgha,
          minmay_misc_feat_chi, uniq_menkaure

Skill      XL: |  1  2  3  4  5  6  7 |
---------------+----------------------+-----
Axes           | 3 4 5 7 8 |  8.7
Shields        | 2 |  2.5
Armour         | 2 3 |  3.0
Fighting       | 3 |  3.4
Throwing       | |  1.0
Dodging        | |  2.1
Spellcasting   | |  2.0
Translocations | |  2.4

Action                   |  1- 3 |  4- 6 |  7- 9 || total
-------------------------+-------+-------+-------++-------
Melee: Hand axe          |    67 |    40 |       ||   107
       Peck              |    11 |    17 |    22 ||    50
       Kick              |    21 |    44 |    39 ||   104
       War axe           |       |   123 |   110 ||   233
Throw: Boomerang         |     7 |       |       ||     7
  Use: Potion            |     4 |     1 |       ||     5
       Scroll            |     2 |     3 |       ||     5
Armor: Leather armour    |    14 |    12 |       ||    26
       Chain mail        |       |    50 |    49 ||    99
       Ring mail         |       |     4 |       ||     4
Dodge: Dodged            |    32 |    60 |    21 ||   113
Block: Buckler           |       |    18 |    18 ||    36

Table legend:
 A = Non-vault XP
 B = Vault XP
 C = Vault XP percentage of total XP
 D = Non-vault monster count
 E = Vault monster count
 F = Vault count percentage of total count
                 A         B        C        D         E       F
            +---------+---------+-------+---------+---------+-------
      Total |     792 |     623 |  44.0 |      92 |      13 |  12.4
            +---------+---------+-------+---------+---------+-------
        D:1 |      45 |       0 |   0.0 |      24 |       0 |   0.0
        D:2 |     105 |      35 |  25.0 |      19 |       1 |   5.0
        D:3 |      42 |       0 |   0.0 |      14 |       0 |   0.0
        D:4 |     288 |       0 |   0.0 |      20 |       0 |   0.0
        D:5 |     312 |     588 |  65.3 |      15 |      12 |  44.4
            +---------+---------+-------+---------+---------+-------
